 Dungeon Crawl Stone Soup version 0.29.1-13-g9f3cf754e1 (webtiles) character file.

Game seed: 9406330975815272345

581 VictoriousLee the Tainter (level 7, -7/31 (41) HPs)
             Began as an Octopode Venom Mage on Feb 2, 2023.
             Mangled by a wight
             ... wielding a +2 great sword
              (19 damage)
             ... on level 5 of the Dungeon.
             The game lasted 00:30:07 (4314 turns).

VictoriousLee the Tainter (Octopode Venom Mage)     Turns: 4314, Time: 00:30:08

HP:   -7/31 (41)    AC:  1    Str:  7    XL:     7   Next: 36%
MP:   10/10         EV: 13    Int: 19    God:
Gold: 239           SH:  0    Dex: 13    Spells: 2/10 levels left

rFire   . . .      SeeInvis .   o - staff of poison
rCold   . . .      Faith    .   (no shield)
rNeg    . . .      Spirit   .   (helmet restricted)
rPois   +          Reflect  .   (no amulet)
rElec   .          Harm     .   (no ring)
rCorr   .          Rampage  .   (no ring)
Will    .....                   (no ring)
Stlth   +++.......              (no ring)
HPRegen 0.10/turn               (no ring)
MPRegen 0.12/turn               (no ring)
                                (no ring)
                                (no ring)

@: hasted, heavily drained, very quick
A: almost no armour, amphibious, 8 rings, camouflage 1, gelatinous body 1,
(nimble swimmer 1), tentacles
a: no special abilities


You were on level 5 of the Dungeon.
You visited 1 branch of the dungeon, and saw 5 of its levels.

You collected 239 gold pieces.

Inventory:

Hand Weapons
 b - a +0 dagger
 k - a +1 falchion
 y - a +0 long sword
 z - a +1 dagger of speed
Missiles
 x - 5 poisoned darts
Magical Staves
 o - a staff of poison (weapon)
Jewellery
 v - an amulet of guardian spirit
Scrolls
 c - 3 scrolls of enchant armour {unknown}
 d - a scroll of fear {unknown}
 f - a scroll of enchant weapon {unknown}
 g - 2 scrolls of teleportation {unknown}
 h - a scroll of amnesia {unknown}
 j - 2 scrolls of immolation {unknown}
 m - a scroll of identify
 n - 3 scrolls of poison {unknown}
 p - a scroll of blinking {unknown}
 q - 2 scrolls of vulnerability {unknown}
 u - a scroll of acquirement {unknown}
 w - a scroll of torment {unknown}
Potions
 a - a potion of magic
 i - 2 potions of brilliance
 r - a potion of curing
 t - a potion of invisibility {unknown}
 A - a potion of mutation {unknown}


   Skills:
 - Level 2.0 Dodging
 - Level 2.6 Stealth
 - Level 2.0 Spellcasting
 - Level 1.0 Transmutations
 + Level 9.9 Poison Magic


You had 2 spell levels left.
You knew the following spells:

 Your Spells              Type           Power      Damage    Failure   Level
a - Sting                 Tmut/Pois      100%       1d8       1%          1
b - Olgreb's Toxic Radia  Pois           56%        N/A       2%          4
c - Mephitic Cloud        Conj/Pois/Air  21%        N/A       13%         3

Your spell library contained the following spells:

 Spells                   Type           Power      Damage    Failure   Level
 Poisonous Vapours        Pois/Air       62%        N/A       3%          2


Dungeon Overview and Level Annotations

Branches:
Dungeon (5/15)
 Temple: D:4-7

Altars:
Elyvilon
Makhleb


Innate Abilities, Weirdness & Mutations

You cannot wear most types of armour.
You are amphibious.
You can wear up to eight rings at the same time.
Your skin changes colour to match your surroundings (Stealth+).
Your rubbery body absorbs attacks. (AC +1, EV +1)
((You are camouflaged when in or above water. (Stealth+)))
You have tentacles for arms and can constrict up to eight enemies at once.


Message History

The wight closely misses you.
You hit the wight but do no damage.
The wight is moderately damaged.
You constrict the wight. The wight closely misses you.
You hit the wight but do no damage.
The wight is moderately damaged.
You constrict the wight, but do no damage.
The wight completely misses you.
You hit the wight but do no damage.
You squeeze the wight, but do no damage.
The wight is moderately damaged.
You constrict the wight, but do no damage.
You hit the wight but do no damage.
The wight is moderately damaged.
You constrict the wight.
The wight hits you with a +2 great sword.
You hit the wight.
You squeeze the wight, but do no damage.
The wight is heavily damaged.
You constrict the wight, but do no damage.
The wight misses you.
You hit the wight but do no damage.
The wight is heavily damaged.
You constrict the wight, but do no damage.
The wight closely misses you.
You hit the wight but do no damage.
You squeeze the wight, but do no damage.
The wight is heavily damaged.
You constrict the wight, but do no damage.
The wight hits you with a +2 great sword.
You feel drained.
You hit the wight but do no damage.
The wight is heavily damaged.
You constrict the wight. You hit the wight but do no damage.
The wight is heavily damaged.
You constrict the wight.
The wight hits you with a +2 great sword!!
Ouch! That really hurt!
You die...

#######
#@z...#
#####.###
#.......######
#.###.z......#
#.#..........#
#.#.#........#
#.#.#........#
#.#...#'######
#.###.#.# ##


You could see a wight.

Vanquished Creatures
  Sigmund (D:3)
  A phantom (D:4)
  A scorpion (D:5)
  A wight (D:5)
  A gnoll bouda (D:3)
  An iguana (D:4)
  An orc wizard (D:4)
  5 gnolls (D:3)
  4 adders
  An ufetubus (D:5)
  A worm (D:3)
  A dart slug (D:4)
  4 orcs
  5 ball pythons
  8 bats
  5 endoplasms
  6 giant cockroaches
  5 hobgoblins
  5 jackals
  6 kobolds
  A quokka (D:1)
  5 frilled lizards
  7 goblins
  3 rats
79 creatures vanquished.

Notes
Turn   | Place    | Note
-------+----------+-------------------------------------------
     0 | D:1      | VictoriousLee the Octopode Venom Mage began the quest for
                  | the Orb.
     0 | D:1      | Reached XP level 1. HP: 11/11 MP: 3/3
   109 | D:1      | Reached skill level 4 in Poison Magic
   236 | D:1      | Reached XP level 2. HP: 17/17 MP: 3/5
   564 | D:1      | Found a faded altar of an unknown god.
   758 | D:1      | Reached XP level 3. HP: 21/21 MP: 3/6
   809 | D:1      | Reached skill level 5 in Poison Magic
  1417 | D:2      | Found a white marble altar of Elyvilon.
  1891 | D:3      | Reached XP level 4. HP: 25/27 MP: 3/7
  1944 | D:3      | Reached skill level 6 in Poison Magic
  2224 | D:3      | Noticed Sigmund
  2242 | D:3      | Reached XP level 5. HP: 25/31 MP: 4/8
  2283 | D:3      | Learned a level 4 spell: Olgreb's Toxic Radiance
  2332 | D:3      | Reached skill level 7 in Poison Magic
  2540 | D:3      | Killed Sigmund
  2541 | D:3      | Reached skill level 8 in Poison Magic
  2541 | D:3      | Reached XP level 6. HP: 31/36 MP: 0/9
  3308 | D:4      | Reached skill level 9 in Poison Magic
  3373 | D:4      | Found a burning altar of Makhleb.
  3374 | D:4      | Found a white marble altar of Elyvilon.
  3482 | D:4      | Learned a level 3 spell: Mephitic Cloud
  3504 | D:5      | Entered Level 5 of the Dungeon
  3552 | D:4      | Reached XP level 7. HP: 21/41 MP: 10/10
  4314 | D:5      | Mangled by a wight

Illustrated notes

Levels and vault maps discovered:
D:1:      dpeg_arrival_connections, layout_loops_ring,
          ebering_ecumenical_altar_hall
D:2:      layout_basic, serial_glass, glass_columns_b, glass_columns_a,
          basic_altar
D:3:      layout_rooms, uniq_sigmund
D:4:      layout_loops_ring, chequers_temple_overflow_statue_of_worship
D:5:      layout_basic, mainiacjoe_overflow_chevrons, enter_ossuary_2

Skill      XL: |  1  2  3  4  5  6 |
---------------+-------------------+-----
Poison Magic   | 4 5 6 8 9 |  9.9
Dodging        | |  2.0
Stealth        | |  2.6
Spellcasting   | |  2.0
Transmutations | |  1.0

Action                   |  1- 3 |  4- 6 |  7- 9 || total
-------------------------+-------+-------+-------++-------
Melee: Dagger            |    23 |       |       ||    23
       Constrict         |     7 |     6 |     4 ||    17
       Tentacles         |     7 |     5 |     7 ||    19
       Staff             |     6 |    35 |    47 ||    88
       Punch             |       |       |     2 ||     2
 Cast: Sting             |    64 |    49 |     3 ||   116
       Olgreb's Toxic Ra |       |     4 |       ||     4
  Use: Scroll            |       |     5 |       ||     5
       Potion            |       |     2 |     5 ||     7
Armor: Skin              |     1 |     3 |    15 ||    19
Dodge: Dodged            |    32 |    39 |    25 ||    96
